 Dungeon Crawl Stone Soup version 0.25-a0-681-gdf4e720381 (webtiles) character file.

Game seed: 11079419432726106525, levelgen mode: deterministic

46251 CryoSword the Markscentaur (level 14, -4/118 HPs)
             Began as a Centaur Hunter on Mar 29, 2020.
             Was an Elder of Fedhas.
             Slain by an alligator simulacrum (28 damage)
             ... in an ice cave.
             The game lasted 01:12:16 (22589 turns).

CryoSword the Markscentaur (Centaur Hunter)        Turns: 22589, Time: 01:12:17

Health: -4/118     AC: 11    Str: 19    XL:     14   Next: 4%
Magic:  22/23      EV: 25    Int: 10    God:    Fedhas [****..]
Gold:   517        SH:  0    Dex: 13    Spells: 11/13 levels left

rFire    . . .     SeeInvis .   b - +2 trident (freeze)
rCold    . . .     Gourm    .   (no shield)
rNeg     . . .     Faith    .   Q - +0 scale mail "Woti" {rPois Str+2} (curse)
rPois    +         Spirit   .   K - +0 hat
rElec    .         Reflect  .   w - +0 cloak
rCorr    .         Harm     .   v - +0 pair of gloves
MR       +....                  (no barding)
Stlth    ..........             x - amulet of the acrobat
HPRegen  0.29/turn              A - +1 ring of evasion
MPRegen  0.18/turn              R - +2 ring of protection {=R}

@: acrobat, very quick
A: large, hooves 3, deformed body, speed 2, tough skin 3
a: Wall of Briars, Grow Ballistomycete, Overgrow, Renounce Religion


You were in an ice cave.
You worshipped Fedhas.
Fedhas was greatly pleased with you.
You were hungry.

You visited 2 branches of the dungeon, and saw 14 of its levels.
You also visited: Bailey and Ice Cave.

You collected 797 gold pieces.
You spent 280 gold pieces at shops.

Inventory:

Hand Weapons
 a - a +1 shortbow
 b - a +2 trident of freezing (weapon)
   (You took it off Harold on level 7 of the Dungeon)
Missiles
 d - 101 arrows
 r - 29 poisoned darts (quivered)
 s - 3 throwing nets
 U - 7 curare-tipped darts
Armour
 v - a +0 pair of gloves (worn)
   (You found it on level 4 of the Dungeon)
 w - a +0 cloak (worn)
   (You took it off Crazy Yiuf on level 4 of the Dungeon)
 H - a +2 ring mail of cold resistance
   (You took it off Joseph on level 7 of the Dungeon)
 J - +0 acid dragon scales
   (You took it off Maggie on level 7 of the Dungeon)
 K - a +0 hat (worn)
   (You found it on level 8 of the Dungeon)
 Q - the cursed +0 scale mail "Woti" (worn) {rPois Str+2}
   (You bought it in a shop on level 10 of the Dungeon)

   It affects your strength (+2).
   It protects you from poison.
   It has a curse placed upon it.
Jewellery
 g - an uncursed ring of flight
   (You found it on level 2 of the Dungeon)
 m - an uncursed ring of protection from fire
   (You took it off a goblin on level 10 of the Dungeon)
 x - an amulet of the acrobat (around neck)
   (You found it on level 4 of the Dungeon)
 A - a +1 ring of evasion (left hand)
   (You took it off Eustachio on level 6 of the Dungeon)
 I - an uncursed ring of ice
   (You took it off Fannar on level 10 of the Dungeon)
 R - a +2 ring of protection (right hand) {=R}
   (You found it on level 10 of the Dungeon)
Wands
 y - a wand of paralysis (6)
   (You found it on level 5 of the Dungeon)
 W - a wand of iceblast (9)
   (You found it on level 1 of the Lair of Beasts)
Scrolls
 j - 8 scrolls of remove curse {@r2}
 k - 2 scrolls of blinking {unknown}
 l - 7 scrolls of fog
 o - 2 scrolls of teleportation {@r4}
 C - 3 scrolls of identify {@r1}
 L - 3 scrolls of enchant weapon {unknown}
 M - 3 scrolls of enchant armour {unknown}
Potions
 p - 3 potions of lignification {!q}
 q - 4 potions of haste {unknown}
 z - 3 potions of brilliance {unknown}
 B - 3 potions of invisibility {unknown}
 D - 2 potions of heal wounds {@q2}
Comestibles
 f - 23 rations {!d}


   Skills:
 + Level 9.4 Fighting
 * Level 8.8 Polearms
 - Level 18.4 Bows
 + Level 2.9 Armour
 + Level 3.4 Dodging
 - Level 0.4 Stealth
 + Level 12.6 Invocations


You had 11 spell levels left.
You knew the following spells:

 Your Spells              Type           Power        Failure   Level  Hunger
a - Blink                 Tloc           N/A          86%         2    ###....

Your spell library contained the following spells:

 Spells                   Type           Power        Failure   Level  Hunger
 Magic Dart               Conj           #...         75%         1    ##.....
 Sandblast                Erth           #.....       75%         1    ##.....
 Call Imp                 Summ           #.......     86%         2    ###....
 Passwall                 Tmut/Erth      #.......     86%         2    ###....
 Poisonous Vapours        Pois/Air       #.....       86%         2    ###....
 Slow                     Hex            #.......     86%         2    ###....
 Swiftness                Chrm/Air       #.......     86%         2    ###....
 Conjure Flame            Conj/Fire      #.......     98%         3    ####...
 Mephitic Cloud           Conj/Pois/Air  #.......     98%         3    ####...
 Stone Arrow              Conj/Erth      #.....       98%         3    ####...
 Passage of Golubria      Tloc           N/A          100%        4    #####..
 Petrify                  Tmut/Erth      #.......     100%        4    #####..
 Lee's Rapid Deconstruct  Erth           #.........   100%        5    ######.
 Darkness                 Hex            #.........   100%        6    #######
 Freezing Cloud           Conj/Ice/Air   #.........   100%        6    #######
 Invisibility             Hex            #.......     100%        6    #######
 Malign Gateway           Summ/Tloc      #.........   100%        7    #######
 Monstrous Menagerie      Summ           #.........   100%        7    #######
 Ring of Flames           Chrm/Fire      #.........   100%        7    #######
 Summon Greater Demon     Summ           #.........   100%        7    #######
 Summon Horrible Things   Summ           #.........   100%        8    #######


Dungeon Overview and Level Annotations

Branches:
Dungeon (11/15)            Temple (0/1) D:4            Lair (3/6) D:11
  Snake (0/4) Lair:2          Orc (0/2) D:11         Bailey (visited)
  IceCv (1/1)
  Swamp: Lair:2-4    Shoals: Lair:2-4

Altars:
Cheibriados
Dithmenos
Elyvilon
Fedhas
Hepliaklqana
Sif Muna
Trog
Vehumet
Xom
Yredelemnul
Zin
The Shining One

Shops:
D:10 }=:[*

Annotations:
Lair:3 2 transporters, Norrive's ghost, journeyman HuWn


Innate Abilities, Weirdness & Mutations

You have hooves in place of feet.
Armour fits poorly on your strangely shaped body.
You cover ground very quickly.
You have extremely tough skin. (AC +3)


Message History

Aim: a blink frog (heavily wounded)
You shoot an arrow. The arrow barely misses the blink frog.
The yak gores you.
Firing (i - inventory. (/) - cycle)
d - 108 arrows (quivered)
Aim: a blink frog (heavily wounded)
You shoot an arrow. The arrow barely misses the blink frog.
The blink frog barely misses you.
Firing (i - inventory. (/) - cycle)
d - 107 arrows (quivered)
Aim: a blink frog (heavily wounded)
You shoot an arrow.
The arrow closely misses the blink frog.
The blink frog closely misses you. The yak gores you.
Firing (i - inventory. (/) - cycle)
d - 106 arrows (quivered)
Aim: a blink frog (heavily wounded)
You shoot an arrow. The arrow hits the blink frog.
The blink frog hits you but does no damage.
Firing (i - inventory. (/) - cycle)
d - 105 arrows (quivered)
Aim: a blink frog (heavily wounded)
You shoot an arrow.
The arrow closely misses the blink frog.
The yak gores you! The blink frog completely misses you.
Firing (i - inventory. (/) - cycle)
d - 104 arrows (quivered)
Aim: a blink frog (heavily wounded)
You shoot an arrow. The arrow misses the blink frog.
The blink frog hits you but does no damage.
The yak gores you!
* * * LOW HITPOINT WARNING * * *
Your +2 trident of freezing glows with a cold blue light!
b - a +2 trident of freezing (weapon)
Throwing (i - inventory. (/) - cycle)
r - 33 poisoned darts (quivered)
Aim: a blink frog (heavily wounded)
You throw a poisoned dart.
The poisoned dart barely misses the blink frog.
The blink frog hits you.
* * * LOW HITPOINT WARNING * * *
The blink frog blinks!
The yak gores you but does no damage.
The blink frog blinks!
All of the chunks of flesh in your inventory have rotted away.
You puncture the yak! You freeze the yak. You kick the yak, but do no damage.
The yak barely misses you.
You puncture the yak! You freeze the yak.
You kill the yak!
Fedhas accepts your kill.
Attack whom?
Aim: a blink frog (heavily wounded)
You reach to attack!
You hit the blink frog but do no damage.
Attack whom?
Aim: a blink frog (heavily wounded)
You miss the blink frog. Your kick misses the blink frog.
The blink frog hits you.
* * * LOW HITPOINT WARNING * * *
The blink frog blinks!
Attack whom?
That would be overly suicidal.
Okay, then.
You see here a scroll labeled HOCZUL LUNTUNU.
Attack whom?
Aim: a blink frog (heavily wounded)
You puncture the blink frog! You freeze the blink frog.
Your kick misses the blink frog.
The blink frog blinks!
Attack whom?
Okay, then.
Your +2 trident of freezing stops glowing.
a - a +1 shortbow (weapon)
Firing (i - inventory. (/) - cycle)
d - 103 arrows (quivered)
Aim: a blink frog (almost dead)
You shoot an arrow. The arrow misses the blink frog.
The blink frog blinks!
Firing (i - inventory. (/) - cycle)
d - 102 arrows (quivered)
Aim: a blink frog (almost dead)
You shoot an arrow. The arrow hits the blink frog.
You kill the blink frog!
Fedhas accepts your kill.
Drop what? 48/52 slots (_ for help) (? for menu, Esc to quit)
You drop a scroll labeled RYGIFU PYA.
You drop a scroll labeled MYAZITT AP HAX.
You drop 4 dark potions.
You are feeling hungry.
You drop 2 white potions.
You drop 2 bubbling green potions.
You drop 2 pink potions.
You drop a metallic dark potion.
You drop a scroll labeled MUOFFE TIBIA.
You drop a silvery potion.
You drop a smoky blue potion.
You drop a scroll labeled DODUOS KOVIH.
You drop a viscous brown potion.
You drop 2 viscous white potions.
You drop a yellow potion.
You drop a scroll labeled LOHAIKHUAD.
There is a frozen archway here.
The world spins around you as you enter the gateway.
You enter an ice cave! 4 simulacra come into view.
Found an ice covered gate leading back out of this place.
There is an ice choked empty arch of ancient stone here.
Your +2 trident of freezing glows with a cold blue light!
b - a +2 trident of freezing (weapon)
A briar patch grows up from the ground. x8; You feel slightly more hungry.
You walk carefully through the plants.
There is an ice covered gate leading back out of this place here.
Throwing (i - inventory. (/) - cycle)
r - 32 poisoned darts (quivered)
Aim: a wolf spider simulacrum You throw a poisoned dart.
The poisoned dart hits the wolf spider simulacrum.
The swamp dragon simulacrum is struck by your briar patch's thorns.
The swamp dragon simulacrum bites your briar patch!
The swamp dragon simulacrum freezes your briar patch!!
Your briar patch is destroyed!
Throwing (i - inventory. (/) - cycle)
r - 31 poisoned darts (quivered)
Aim: a wolf spider simulacrum You throw a poisoned dart.
The poisoned dart hits the wolf spider simulacrum.
Throwing (i - inventory. (/) - cycle)
r - 30 poisoned darts (quivered)
Aim: a wolf spider simulacrum You throw a poisoned dart.
The poisoned dart hits the wolf spider simulacrum.
The polar bear simulacrum bites your briar patch!
The polar bear simulacrum freezes your briar patch!!
The polar bear simulacrum claws your briar patch but does no damage. x2
You walk carefully through the plants.
The wolf spider simulacrum hits you!
* * * LOW HITPOINT WARNING * * *
The wolf spider simulacrum freezes you!
* * * LOW HITPOINT WARNING * * *
The wolf spider simulacrum bites you but does no damage.
The polar bear simulacrum misses you.
The polar bear simulacrum completely misses you.
The polar bear simulacrum misses you.
The alligator simulacrum bites your briar patch!
The alligator simulacrum freezes your briar patch!!
Your briar patch is destroyed!
The polar bear simulacrum completely misses you.
The polar bear simulacrum misses you.
The polar bear simulacrum barely misses you.
The wolf spider simulacrum completely misses you. x2
The swamp dragon simulacrum closely misses you.
The swamp dragon simulacrum completely misses you.
The swamp dragon simulacrum misses you.
The alligator simulacrum completely misses you.
The alligator simulacrum tail-slaps you.
* * * LOW HITPOINT WARNING * * *
The alligator simulacrum freezes you!
* * * LOW HITPOINT WARNING * * *
The polar bear simulacrum completely misses you.
The polar bear simulacrum misses you.
The polar bear simulacrum completely misses you.
The alligator simulacrum bites you.
* * * LOW HITPOINT WARNING * * *
The alligator simulacrum freezes you!!
You die...
Fedhas appreciates your contribution to the ecosystem.

..## ..##
...##
#...#
##...#
#...#
##ZZ.##
##(PP@.##
#.(PZZ..#
#..PPP..#
##..∩..##
##...##
#####


You could see an alligator simulacrum, a polar bear simulacrum, a swamp dragon
simulacrum and a wolf spider simulacrum.

Vanquished Creatures
  An orc warlord (Bailey)
  Erolcha (D:10)
  3 hydras
  Harold (D:7)
  A two-headed ogre (D:10)
  Pikel (D:7)
  2 ugly things
  A black mamba (Lair:1)
  Joseph (D:7)
  5 spiny frogs
  Maggie (D:7)
  A komodo dragon (Lair:1)
  2 trolls
  2 polar bears (Lair:3)
  4 blink frogs (Lair:3)
  3 hippogriffs
  Sigmund (D:2)
  A vampire (D:11)
  6 spriggans (Lair:2)
  28 yaks
  Eustachio (D:6)
  A wyvern (Lair:3)
  A hungry ghost (D:11)
  Menkaure (D:7)
  2 nagas (Lair:2)
  2 water moccasins (Lair:1)
  4 porcupines
  4 ice beasts
  4 orc warriors
  3 slaves (D:7)
  A black bear (D:11)
  A sky beast (D:8)
  4 ogres
  A phantom (D:4)
  6 centaurs
  3 crocodiles
  3 big kobolds
  9 bullfrogs
  A water moccasin zombie (D:7)
  A scorpion (D:4)
  3 killer bees (D:6)
  A howler monkey (D:4)
  6 crimson imps
  A quasit (D:10)
  3 bullfrog zombies
  6 hounds
  8 jellies
  Crazy Yiuf (D:4)
  2 centaur zombies
  6 orc priests
  7 orc wizards
  3 bullfrog skeletons
  5 centaur skeletons
  5 iguanas
  Jessica (D:2)
  Natasha (thrice) (D:3)
  7 worker ants
  A statue (D:4)
  A hound zombie (D:6)
  2 hound skeletons
  A worker ant zombie (D:5)
  A howler monkey skeleton (D:10)
  3 gnolls (Bailey)
  10 adders
  2 shadow imps
  An ooze (D:5)
  An adder zombie (D:7)
  4 worms
  4 dart slugs
  3 leopard geckos
  37 orcs
  10 giant cockroaches
  17 goblins
  8 hobgoblins
  13 jackals
  4 quokkas
  A ball python (D:3)
  5 bats
  2 frilled lizards
  A jackal skeleton (D:5)
  26 kobolds
  2 quokka skeletons
  19 rats
  A spectral orc (D:3)
  A ballistomycete spore (D:7)
368 creatures vanquished.

Vanquished Creatures (collateral kills)
  Fannar (D:10)
  Sonja (Lair:1)
  A black mamba (Lair:2)
  2 spiny frogs
  A polar bear (Lair:3)
  A yak (Lair:2)
  2 spriggans (Lair:2)
  A bullfrog (Lair:2)
  A killer bee (D:6)
  13 ballistomycete spores
24 creatures vanquished.

Vanquished Creatures (others)
  A hound (D:7)
  5 ballistomycete spores
  4 plants
10 creatures vanquished.

Grand Total: 402 creatures vanquished

Notes
Turn   | Place    | Note
-------+----------+-------------------------------------------
     0 | D:1      | CryoSword the Centaur Hunter began the quest for the Orb.
     0 | D:1      | Reached XP level 1. HP: 17/17 MP: 1/1
    43 | D:1      | Reached XP level 2. HP: 13/24 MP: 2/2
   440 | D:1      | Reached skill level 6 in Bows
  1128 | D:2      | Noticed Jessica
  1147 | D:2      | Killed Jessica
  1147 | D:2      | Reached XP level 3. HP: 14/30 MP: 3/3
  1876 | D:2      | Reached XP level 4. HP: 22/37 MP: 4/4
  1895 | D:2      | Reached skill level 7 in Bows
  2137 | D:2      | Reached XP level 5. HP: 45/45 MP: 5/5
  2142 | D:2      | Found a blossoming altar of Fedhas.
  2148 | D:2      | Became a worshipper of Fedhas Madash
  2277 | D:2      | Noticed Sigmund
  3188 | D:2      | Found a hazy altar of Hepliaklqana.
  3188 | D:2      | Found a shimmering blue altar of Sif Muna.
  3189 | D:2      | Found a glowing golden altar of the Shining One.
  3605 | D:3      | Reached * piety under Fedhas
  3605 | D:3      | Reached skill level 8 in Bows
  3688 | D:3      | Reached skill level 1 in Invocations
  3954 | D:3      | Reached skill level 1 in Polearms
  3984 | D:3      | Reached XP level 6. HP: 34/52 MP: 6/6
  4620 | D:3      | Found a basalt altar of Yredelemnul.
  4863 | D:2      | Killed Sigmund
  5134 | D:4      | Reached XP level 7. HP: 59/59 MP: 8/8
  5249 | D:4      | Reached skill level 9 in Bows
  5533 | D:4      | Found a radiant altar of Vehumet.
  5550 | D:4      | Found a snail-covered altar of Cheibriados.
  5626 | D:4      | Found a runed translucent door.
  5627 | D:4      | Noticed Crazy Yiuf
  5695 | D:4      | Found a staircase to the Ecumenical Temple.
  5816 | D:4      | Killed Crazy Yiuf
  6100 | D:4      | Reached ** piety under Fedhas
  6108 | D:4      | Noticed Natasha
  6232 | D:3      | Killed Natasha
  6406 | D:3      | Noticed Natasha
  6417 | D:3      | Killed Natasha
  6711 | D:3      | Noticed Natasha
  6724 | D:3      | Killed Natasha
  7219 | D:4      | Reached skill level 10 in Bows
  7219 | D:4      | Reached XP level 8. HP: 67/67 MP: 10/10
  7245 | D:5      | Entered Level 5 of the Dungeon
  7495 | D:5      | Found a bloodstained altar of Trog.
  7747 | D:5      | Reached skill level 5 in Fighting
  8184 | D:5      | Found a shimmering altar of Xom.
  8186 | D:5      | Found a shimmering altar of Xom.
  8196 | D:5      | Found a shimmering altar of Xom.
  8199 | D:5      | Found a shimmering altar of Xom.
  8501 | D:6      | Noticed Eustachio
  8734 | D:6      | Found a white marble altar of Elyvilon.
  8800 | D:5      | Reached skill level 11 in Bows
  8971 | D:6      | Killed Eustachio
  8981 | D:6      | Reached *** piety under Fedhas
  9507 | D:7      | Reached XP level 9. HP: 75/75 MP: 12/12
  9527 | D:7      | Reached skill level 5 in Invocations
 10037 | D:7      | Noticed Joseph
 10063 | D:7      | Killed Joseph
 10063 | D:7      | Reached skill level 12 in Bows
 10086 | D:7      | Noticed Harold
 10426 | D:7      | Noticed Pikel
 10450 | D:7      | Killed Pikel
 10450 | D:7      | Reached skill level 5 in Polearms
 10584 | D:7      | Noticed Maggie
 10851 | D:7      | Noticed Menkaure
 10859 | D:7      | Killed Menkaure
 10881 | D:7      | Killed Maggie
 10881 | D:7      | Reached skill level 13 in Bows
 10885 | D:7      | Reached XP level 10. HP: 72/86 MP: 14/14
 10896 | D:7      | Killed Harold
 12453 | D:8      | Found a shadowy altar of Dithmenos.
 12727 | D:9      | Found a bloodstained altar of Trog.
 12960 | D:9      | Reached **** piety under Fedhas
 13081 | D:9      | Found a glowing silver altar of Zin.
 13285 | D:9      | Noticed a brown ugly thing
 13324 | D:9      | Killed a brown ugly thing
 13324 | D:9      | Reached skill level 14 in Bows
 13776 | D:10     | Entered Level 10 of the Dungeon
 13776 | D:10     | Found Weunerub's Assorted Antiques.
 13780 | D:10     | Noticed a two-headed ogre
 13781 | D:10     | Found Unu Nieg's Book Boutique.
 13798 | D:10     | Killed a two-headed ogre
 13814 | D:10     | Found Epribbia's Antique Armour Emporium.
 13845 | D:10     | Bought a scorched scale mail for 252 gold pieces
 14099 | D:10     | Found Toskit's Gadget Boutique.
 14330 | D:10     | Found a flagged portal.
 14350 | Bailey   | Entered a bailey
 14355 | Bailey   | Noticed an orc warlord
 14507 | Bailey   | Reached XP level 11. HP: 94/94 MP: 16/16
 14556 | Bailey   | Found a runed translucent gate.
 14564 | Bailey   | Found a runed translucent gate.
 14581 | Bailey   | Found a runed translucent gate.
 14917 | Bailey   | Killed an orc warlord
 15044 | D:10     | Identified the cursed +0 scale mail "Woti" {rPois Str+2}
                  | (You bought it in a shop on level 10 of the Dungeon)
 15047 | D:10     | Reached skill level 17 in Bows
 15047 | D:10     | Reached XP level 12. HP: 103/103 MP: 18/18
 15048 | D:10     | Reached XP level 13. HP: 108/108 MP: 21/21
 15179 | D:10     | Reached skill level 18 in Bows
 15537 | D:10     | Found a hazy altar of Hepliaklqana.
 15537 | D:10     | Noticed Erolcha
 15549 | D:10     | Killed Erolcha
 15634 | D:10     | Noticed Fannar
 15802 | D:10     | Killed Fannar
 16190 | D:10     | Found Wanguwue's Jewellery Shop.
 16200 | D:10     | Bought a cursed amulet of inaccuracy for 28 gold pieces
 16315 | D:11     | Reached skill level 1 in Armour
 16802 | D:11     | Found a staircase to the Orcish Mines.
 17587 | D:11     | Found a staircase to the Lair.
 17622 | Lair:1   | Entered Level 1 of the Lair of Beasts
 18748 | Lair:1   | Noticed Sonja
 18773 | Lair:1   | Killed Sonja
 18941 | Lair:1   | Learned a level 2 spell: Blink
 20430 | Lair:2   | Found a staircase to the Snake Pit.
 21982 | Lair:2   | Upgraded the game from 0.25-a0-670-g50981ef59b to
                  | 0.25-a0-681-gdf4e720381
 22032 | Lair:3   | Found a transporter,
 22036 | Lair:3   | Noticed Norrive's ghost (journeyman HuWn)
 22051 | Lair:3   | Found a transporter,
 22230 | Lair:3   | Found a frozen archway,
 22316 | Lair:3   | Reached XP level 14. HP: 112/118 MP: 23/23
 22577 | IceCv    | Entered an ice cave
 22589 | IceCv    | Slain by an alligator simulacrum

Levels and vault maps discovered:
D:1:      erik_arrival_orb_chamber, layout_basic, st_stairs_9,
          minmay_misc_feat_more_columns, minmay_misc_feat_x, kennysheep_boxes
D:2:      minmay_general_purpose_star, layout_basic,
          nicolae_overflow_crystal_walls, minitemple, amethyst_killhole,
          ebering_dispersal_statue_hall, uniq_sigmund, uniq_jessica
D:3:      layout_loops_ring, yredelemnul_forgotten_temple_becter, first_ration
D:4:      layout_loops_ring, vehumet_statue, cheibriados_altar_1,
          minmay_temple_entry_tees, uniq_crazy_yiuf_cottage, uniq_natasha
D:5:      layout_loops_cross, xom_redecorated, minmay_misc_feat_roman,
          minmay_ruined_shrine
D:6:      layout_cave_pools, basic_altar, uniq_eustachio
D:7:      layout_basic, uniq_menkaure, uniq_pikel, uniq_harold, uniq_maggie,
          uniq_joseph
D:8:      layout_basic, lemuel_coloured_pillars_altar
D:9:      layout_long_grid, old_standard_altar, lemuel_crystal_altar
D:10:     layout_stronghold, serial_shops, shop, shop, nicolae_shop_crystal,
          shop, nicolae_shop_stone, enter_bailey_3, basic_altar, uniq_fannar,
          uniq_erolcha
D:11:     layout_long_grid, lair_entry_dummy, orc_0_dummy
Lair:1:   layout_roguey, grunt_megastairs_5, uniq_sonja
Lair:2:   kb_forest_paths, layout_chaotic_city, guppyfry_snake_entry_garden
Lair:3:   layout_roguey, minmay_swamp_entry_worms, gammafunk_ghost_arena,
          portal_ice_cave_entry_pillars_1, cheibrodos_lair_lostbears
IceCv:    ice_cave_small_necro

Skill      XL: |  1  2  3  4  5  6  7  8  9 10 11 12 13 |
---------------+----------------------------------------+-----
Bows           | 6 7 8 10 11 13 14 17 18 | 18.4
Fighting       | 3 4 5 7 8 9 |  9.4
Invocations    | 1 2 3 4 6 7 8 11 12 | 12.6
Polearms       | 1 2 4 5 6 8 |  8.8
Armour         | 2 |  2.9
Dodging        | 3 |  3.4
Stealth        | |  0.4

Action                   |  1- 3 |  4- 6 |  7- 9 | 10-12 | 13-15 || total
-------------------------+-------+-------+-------+-------+-------++-------
Melee: Short sword       |    66 |       |       |       |       ||    66
       Kick              |    10 |    22 |    55 |    28 |    60 ||   175
       Trident           |       |   126 |   259 |   118 |   230 ||   733
 Fire: Shortbow          |    33 |    69 |   219 |   264 |   514 ||  1099
Throw: Stone             |    18 |    12 |       |       |       ||    30
       Dart              |       |     9 |    22 |    32 |     4 ||    67
Invok: Wall of Briars    |       |       |     1 |     3 |    14 ||    18
       Grow Ballistomyce |       |       |     3 |     2 |     2 ||     7
       Overgrow          |       |       |       |       |     1 ||     1
 Abil: Stop Flying       |       |       |       |     2 |       ||     2
       Evoke Flight      |       |       |       |     2 |       ||     2
  Use: Scroll            |       |     2 |     5 |     4 |     1 ||    12
       Potion            |       |       |       |     2 |       ||     2
  Eat: Chunk             |     1 |     9 |     8 |    12 |    14 ||    44
       Ration            |       |       |     2 |       |     2 ||     4
Armor: Leather armour    |    20 |    11 |       |       |       ||    31
       Scale mail        |       |    49 |       |       |    20 ||    69
       Ring mail         |       |     2 |   147 |    86 |   100 ||   335
Dodge: Dodged            |    15 |    51 |   144 |    74 |   176 ||   460

Table legend:
 A = Non-vault XP
 B = Vault XP
 C = Vault XP percentage of total XP
 D = Non-vault monster count
 E = Vault monster count
 F = Vault count percentage of total count
                 A         B        C        D         E       F
            +---------+---------+-------+---------+---------+-------
      Total |   23720 |   12579 |  34.7 |     286 |      89 |  23.7
            +---------+---------+-------+---------+---------+-------
        D:1 |      24 |      44 |  64.7 |      12 |      16 |  57.1
        D:2 |     177 |     282 |  61.4 |      33 |       4 |  10.8
        D:3 |     289 |      36 |  11.1 |      25 |       2 |   7.4
        D:4 |     506 |      85 |  14.4 |      27 |       3 |  10.0
        D:5 |     613 |      46 |   7.0 |      14 |       3 |  17.6
        D:6 |     667 |     197 |  22.8 |      17 |       1 |   5.6
        D:7 |    1098 |    2650 |  70.7 |      15 |       5 |  25.0
        D:8 |    1146 |       0 |   0.0 |      34 |       0 |   0.0
        D:9 |    1049 |       0 |   0.0 |      13 |       0 |   0.0
       D:10 |    3919 |    1568 |  28.6 |      26 |       6 |  18.8
       D:11 |    3024 |       0 |   0.0 |      23 |       0 |   0.0
     Lair:1 |    3870 |    1602 |  29.3 |      13 |       4 |  23.5
     Lair:2 |    4849 |    3178 |  39.6 |      20 |      15 |  42.9
     Lair:3 |    2489 |     852 |  25.5 |      14 |       3 |  17.6
     Bailey |       0 |    2039 | 100.0 |       0 |      27 | 100.0
            +---------+---------+-------+---------+---------+-------
